 Dungeon Crawl Stone Soup version 0.30-a0-1163-gf69bf04e7a (webtiles) character file.

Game seed: 15623836332431818535

40 Barriton the Conjurer (level 3, 0/26 HPs)
             Began as a Draconian Conjurer on Apr 28, 2023.
             Slain by Robin
             ... wielding a +0 whip
              (4 damage)
             ... on level 2 of the Dungeon.
             The game lasted 00:03:58 (1578 turns).

Barriton the Conjurer (Draconian Conjurer)          Turns: 1578, Time: 00:03:58

Health: 0/26       AC:  6    Str:  9    XL:     3   Next: 30%
Magic:  6/6        EV: 12    Int: 16    God:
Gold:   107        SH:  0    Dex: 13    Spells: 3/6 levels left

rFire   . . .        b - staff of conjuration "Tity" {Int-4 Dex+4}
rCold   . . .        (no shield)
rNeg    . . .        (body armour unavailable)
rPois   .            (helmet restricted)
rElec   .            d - +0 cloak
rCorr   .            (no gloves)
SInv    .            (no boots)
Will    .....        (no amulet)
Stlth   ++           (no ring)
HPRegen 0.24/turn    (no ring)
MPRegen 0.10/turn

%: no passive effects
@: no status effects
A: AC +5, unfitting armour, cold-blooded
a: no special abilities


You were on level 2 of the Dungeon.
You visited 1 branch of the dungeon, and saw 2 of its levels.

You collected 107 gold pieces.

Inventory:

Armour
 d - a +0 cloak (worn)
Magical Staves
 b - the staff of conjuration "Tity" (weapon) {Int-4 Dex+4}
   (You acquired it on level 1 of the Dungeon)

   [staff of conjuration]

   Base accuracy: +5 Base damage: 5 Base attack delay: 1.2 This weapon's minimum
   attack delay (0.6) is reached at skill level 12.
   Int:       It affects your intelligence (-4).
   Dex:       It affects your dexterity (+4).
   It falls into the 'Staves' category.
   It is a one-handed weapon.
Scrolls
 f - a scroll of poison {unknown}
 g - a scroll of enchant weapon {unknown}
Potions
 c - a potion of resistance {unknown}
 e - 2 potions of haste
 h - a potion of cancellation {unknown}
 i - a potion of flight {unknown}


   Skills:
 + Level 2.0 Dodging
 + Level 1.8 Stealth
 + Level 2.1 Spellcasting
 + Level 5.0 Conjurations


You had 3 spell levels left.
You knew the following spells:

 Your Spells              Type           Power      Damage    Failure   Level
a - Magic Dart            Conj           100%       1d8       2%          1
b - Searing Ray           Conj           52%        2d6       4%          2

Your spell library contained the following spells:

 Spells                   Type           Power      Damage    Failure   Level
 Sting                    Tmut/Pois      4%         1d3       21%         1
 Dazzling Flash           Conj/Hex       28%        N/A       22%         3
 Ozocubu's Armour         Ice            1%         N/A       52%         3
 Fulminant Prism          Conj/Hex       7%         3d6       58%         4
 Iskenderun's Mystic Bla  Conj/Tloc      14%        2d5       58%         4
 Animate Dead             Necr           1%         N/A       90%         4
 Borgnjor's Vile Clutch   Necr/Erth      0%         N/A       99%         5
 Death Channel            Necr           0%         N/A       100%        6
 Ozocubu's Refrigeration  Ice            0%         4d7       100%        7


Dungeon Overview and Level Annotations

Branches:
Dungeon (2/15)

Altars:

Annotations:
D:2 Robin


Innate Abilities, Weirdness & Mutations

Your plain brown scales are hard. (AC +5)
You cannot fit into any form of body armour.
You are cold-blooded and may be slowed by cold attacks.


Message History

Robin is severely wounded.
The goblin no longer looks unusually strong.
Robin roars a battlecry!
The goblin goes into a battle-frenzy!
The goblin hits you with a +0 dagger.
You hit Robin.
Robin is almost dead.
Robin hits you with a +0 whip. The goblin barely misses you.
Robin hits you with a +0 whip. The goblin closely misses you.
You hit the goblin.
You kill the goblin!
Robin hits you but does no damage. Robin attacks as you move away!
Robin closely misses you.
The hobgoblin no longer looks unusually strong.
Robin roars a battlecry!
The hobgoblin goes into a battle-frenzy!
Things that are here:
a +0 dagger; a goblin corpse Robin says, "My goblins will feast on your bones."
Casting: Searing Ray (safe; 4% risk of failure)
Confirm with . or Enter, or press ? or * to list all spells.
Aiming: Magic Dart (safe; 2% risk of failure)
Press: ? - help, Shift-Dir - straight line, f - Robin
Aim: Robin, wielding a +0 whip, wearing a +0 animal skin and wearing a +0 helmet (almost dead, 100% to hit)
You feel a surge of power!
The magic dart hits Robin but does no damage.
Robin is almost dead.
You barely miss Robin.
Robin is almost dead.
Robin barely misses you.
You hit Robin.
Your tail-slap misses Robin.
Robin is almost dead.
Robin hits you but does no damage. The hobgoblin hits you.
* * * LOW HITPOINT WARNING * * *
You closely miss Robin.
Your tail-slap misses Robin.
Robin is almost dead.
Robin completely misses you. The hobgoblin hits you.
* * * LOW HITPOINT WARNING * * *
Magic courses through your body. Robin hits you with a +0 whip.
You die...

#.#..#.....#....##
#............
#.#..#.....####..#
#............ #.####.....#
##.# #.....#######
#..........#####.###.....#
##................##.....#
#.#####...#####..##.....#
#.# ##### #..##.....###
###.# ###............ .<#.#
#@............. ###.#
######gg............. #.#
#...##............... #)#
#...##............... #.#
#...##..............
#.#######...##.).....#..###
#...........####.####....
###########...# #)# ...
....#######...# #.)).g...


You could see Robin and a hobgoblin (strong).

Vanquished Creatures
  7 bats (D:1)
  2 endoplasms
  2 giant cockroaches (D:2)
  7 hobgoblins
  2 jackals (D:2)
  A quokka (D:2)
  A frilled lizard (D:1)
  8 goblins
  2 kobolds (D:2)
  2 rats
34 creatures vanquished.

Notes
Turn   | Place    | Note
-------+----------+-------------------------------------------
     0 | D:1      | Barriton the Draconian Conjurer began the quest for the
                  | Orb.
     0 | D:1      | Reached XP level 1. HP: 14/14 MP: 3/3
   465 | D:1      | Reached XP level 2. HP: 20/20 MP: 0/5
   961 | D:1      | Identified a scroll of acquirement
   961 | D:1      | Acquired the staff of conjuration "Tity" {Int-4 Dex+4}
   968 | D:1      | Learned a level 2 spell: Searing Ray
   997 | D:2      | Found a faded altar of an unknown god.
  1004 | D:2      | Got Plato's Thoughts on Peccant Moulding
  1546 | D:2      | Noticed Robin
  1549 | D:2      | Reached XP level 3. HP: 26/26 MP: 3/6
  1562 | D:2      | Reached skill level 5 in Conjurations
  1578 | D:2      | Slain by Robin

Illustrated notes

Levels and vault maps discovered:
D:1:      psy_arrival_terrarium, layout_basic, corexii_leaking_fountain,
          minmay_misc_feat_five
D:2:      layout_basic, shapermc_ecumenical_altar_rom_forum, uniq_robin

Skill      XL: |  1  2  3 |
---------------+----------+-----
Dodging        | 2 |  2.0
Conjurations   | 5 |  5.0
Stealth        | |  1.8
Spellcasting   | |  2.1

Action                     || total
---------------------------++-------
  Melee: Staff             ||    24
         Tailslap          ||     3
   Cast: Magic Dart        ||    50
         Searing Ray       ||     3
    Use: Scroll            ||     2
         Potion            ||     2
 Armour: Skin              ||    15
  Dodge: Dodged            ||    22

Table legend: (Time is in decaauts)
 A = Elapsed time spent in this place.
 B = Non-inter-level travel time spent in this place.
 C = Inter-level travel time spent in this place.
 D = Time resting spent in this place.
 E = Time spent auto-exploring this place.
 F = Levels seen in this place.
 G = Mean time per level.
                   A        B        C        D        E       F      G
               +--------+--------+--------+--------+--------+-----+--------+
         Total |   1582 |   1546 |     36 |      0 |   1378 |   2 |  791.0 |
       Dungeon |   1582 |   1546 |     36 |      0 |   1378 |   2 |  791.0 |
               +--------+--------+--------+--------+--------+-----+--------+

Top non-repeatable levels by time:
     D:1: 986 daAuts
     D:2: 595 daAuts
